 Dungeon Crawl Stone Soup version 0.29-a0-234-g0dae59b3db (webtiles) character file.

Game seed: 12720898332250446255

11 spaghetti the Shield-Bearer (level 2, 21/21 HPs)
             Began as an Octopode Fighter on Mar 3, 2022.
             Was a Follower of Zin.
             Quit the game on level 1 of the Dungeon.
             The game lasted 00:00:41 (254 turns).

spaghetti the Shield-Bearer (Octopode Fighter)       Turns: 254, Time: 00:00:41

Health: 21/21      AC:  1    Str: 15    XL:     2   Next: 29%
Magic:  2/2        EV: 13    Int: 10    God:    Zin [*.....]
Gold:   11         SH:  4    Dex: 11    Spells: 1/1 levels left

rFire   . . .      SeeInvis .   a - +0 long sword {long}
rCold   . . .      Faith    .   b - +0 buckler
rNeg    . . .      Spirit   .   (helmet restricted)
rPois   .          Reflect  .   (no amulet)
rElec   .          Harm     .   (no ring)
rCorr   .          Rampage  .   (no ring)
Will    .....                   (no ring)
Stlth   ++........              (no ring)
HPRegen 0.07/turn               (no ring)
MPRegen 0.08/turn               (no ring)
                                (no ring)
                                (no ring)

@: no status effects
A: almost no armour, amphibious, 8 rings, camouflage 1, gelatinous body 1,
(nimble swimmer 1), tentacles
a: Renounce Religion, Recite, Donate Gold


You were on level 1 of the Dungeon.
You worshipped Zin.
Zin was aware of your devotion.
You visited 1 branch of the dungeon, and saw 1 of its levels.

You collected 12 gold pieces.
You donated 1 gold pieces to Zin.


Innate Abilities, Weirdness & Mutations

You cannot wear most types of armour.
You are amphibious.
You can wear up to eight rings at the same time.
Your skin changes colour to match your surroundings (Stealth+).
Your rubbery body absorbs attacks. (AC +1, EV +1)
((You are camouflaged when in or above water. (Stealth+)))
You have tentacles for arms and can constrict up to eight enemies at once.


   Skills:
 - Level 3.0 Fighting
 - Level 2.0 Long Blades
 + Level 3.3 Dodging
 + Level 3.3 Shields


You had one spell level left.
You didn't know any spells.
Your spell library was empty.

Inventory:

Hand Weapons
 a - a +0 long sword (weapon) {long}
Missiles
 i - a stone (quivered) {throwing}
Armour
 b - a +0 buckler (worn)
Scrolls
 g - a scroll of vulnerability {unknown}
 h - a scroll of teleportation {unknown}
Potions
 c - a potion of might
 d - a potion of flight {unknown}
 e - a potion of curing {unknown}
 f - a potion of attraction {unknown}
 j - a potion of resistance {unknown}

Dungeon Overview and Level Annotations

Branches:
Dungeon (1/15)

Altars:
Zin

**,,,** *,,,,,,,,,,,,*
*,*,,** *,,,,........*
*,**,,* **,,,.$S....**
*,***,***,,,,..#...,*
*,,**,,,,,***#.#...**
**,*,..**** #..!#**
#.*...# ##..#* #.#.#.#
#...# #...#.# ####.@#*
#..##.###....##
##..#.#...#..#***
##...#.#.###.##*,*
###.........##.#**,*
.........[..##.#*,,******
###.........##.#,,,**,,,*
##.........##.#,*,**,,,*
##..####....##.#,*,**,,,*


You could see a ball python (asleep).


Message History

As you read the scroll labelled QYROWYM QUIFO, it crumbles to dust.
You feel aware of your surroundings.
You sensed 1 altar.
It was a scroll of magic mapping.
You hit the quokka but do no damage. Your grab misses the quokka.
The quokka closely misses you. The quokka bites you. 😕 HP[-2]
You take 2 damage, and now have 19/21 hp.
You hit the quokka but do no damage. You grab the quokka.
Your squeeze misses the quokka. You constrict the quokka.
The quokka splashes around in the water.
You hit the quokka.
You kill the quokka!
No target in view!
No target in view!
Unknown command.
No target in view!
A ball python comes into view. 😎 HP[+2]
Your hp is fully restored (21).
A ball python is nearby!
A ball python is nearby!
A ball python is nearby!
The ball python hisses angrily.
You slash the ball python!
You kill the ball python!
No target in view!
No target in view!
No target in view!
No target in view!
No target in view!
No target in view!
No target in view!
No target in view!
No target in view!
f - a viscous grey potion
Found a stone staircase leading down.
No target in view!
No target in view!
No target in view!
Found a faded altar of an unknown god.
g - a scroll labelled RELOLL TEUWK No target in view!
No target in view!
No target in view!
No target in view!
There is a faded altar of an unknown god here.
You cannot tell which god this altar belongs to.
Convert to them anyway?
Zin accepts your prayer! Zin welcomes you!
You can now donate money to Zin.
You can now recite Zin's Axioms of Law.
h - a scroll labelled QUGICH MACHES You see here a rat corpse.
Key pressed, stopping explore.
A bat comes into view.
A bat is nearby!
Unknown command.
A kobold comes into view. It is wielding a +0 whip.
The kobold shouts!
The bat hits you. 😕 HP[-1]
You take 1 damage, and now have 20/21 hp.
You barely miss the bat. You grab the bat. You constrict the bat.
The bat hits you but does no damage. The bat hits you.
The bat escapes! 😕 HP[-1]
You take 1 damage, and now have 19/21 hp.
You hit the bat.
You kill the bat! 😕 HP[+1] No target in view!
No target in view!
No target in view!
No target in view!
No target in view!
No target in view!
No target in view!
No target in view!
A kobold is nearby!
A kobold is nearby!
You see here a bat corpse.
You hit the kobold.
You kill the kobold!
No target in view!
No target in view!
No target in view!
No target in view!
No target in view!
No target in view!
No target in view!
No target in view!
i - a stone {throwing} You pay a tithe of 1 gold.
You now have 11 gold pieces (gained 6).
You see here a +0 whip {mace}. 😎 HP[+1]
Your hp is fully restored (21).
Found a stone staircase leading down.
j - a fuming cyan potion No target in view!
A ball python comes into view.
Are you sure you want to abandon this character and quit the game? (Confirm with "yes".)

Action                   || total
-------------------------++-------
Melee: Long sword        ||    16
       Constrict         ||     4
       Tentacles         ||     1
  Use: Scroll            ||     1
 Stab: Sleeping          ||     3
Armor: Skin              ||     1
Dodge: Dodged            ||     4
Block: Buckler           ||     2

Levels and vault maps discovered:
D:1:      lemuel_arrival_behind_the_door_small, layout_rooms,
          ebering_ecumenical_altar_box, chequers_serial_rivers_small_b,
          serial_park_tiny_pond

Notes
Turn   | Place    | Note
-------+----------+-------------------------------------------
     0 | D:1      | spaghetti the Octopode Fighter began the quest for the Orb.
     0 | D:1      | Reached XP level 1. HP: 16/16 MP: 1/1
     0 | D:1      | magus.rc [v1.9.6]
    75 | D:1      | Reached XP level 2. HP: 21/21 MP: 2/2
   140 | D:1      | Found a faded altar of an unknown god.
   149 | D:1      | Prayed at the altar of an unknown god.
   149 | D:1      | Became a worshipper of Zin the Law-Giver
   149 | D:1      | Reached * piety under Zin
   254 | D:1      | Quit the game

Vanquished Creatures
  An endoplasm (D:1)
  2 goblins (D:1)
  A hobgoblin (D:1)
  A kobold (D:1)
  A quokka (D:1)
  A ball python (D:1)
  A bat (D:1)
  3 rats (D:1)
11 creatures vanquished.

Table legend:
 A = Non-vault XP
 B = Vault XP
 C = Vault XP percentage of total XP
 D = Non-vault monster count
 E = Vault monster count
 F = Vault count percentage of total count
                 A         B        C        D         E       F
            +---------+---------+-------+---------+---------+-------
      Total |      17 |       0 |   0.0 |      11 |       0 |   0.0
            +---------+---------+-------+---------+---------+-------
        D:1 |      17 |       0 |   0.0 |      11 |       0 |   0.0
            +---------+---------+-------+---------+---------+-------

Illustrated notes

Table legend:
 A = Kills in this place as a percentage of kills in entire the game.
 B = Kills by you in this place as a percentage of kills by you in the entire game.
 C = Kills by friends in this place as a percentage of kills by friends in the entire game.
 D = Other kills in this place as a percentage of other kills in the entire game.
 E = Experience gained in this place as a percentage of experience gained in the entire game.
 F = Experience gained in this place divided by the number of levels of this place that you have seen.
                   A       B       C       D       E      F
               +-------+-------+-------+-------+-------+----------------------
         Total | 100.0 | 100.0 |   N/A |   N/A | 100.0 |  17.0
       Dungeon | 100.0 | 100.0 |   N/A |   N/A | 100.0 |  17.0
               +-------+-------+-------+-------+-------+----------------------

Table legend: (Time is in decaauts)
 A = Elapsed time spent in this place.
 B = Non-inter-level travel time spent in this place.
 C = Inter-level travel time spent in this place.
 D = Time resting spent in this place.
 E = Time spent auto-exploring this place.
 F = Levels seen in this place.
 G = Mean time per level.
                   A        B        C        D        E       F      G
               +--------+--------+--------+--------+--------+-----+--------+
         Total |    259 |    259 |      0 |      0 |    178 |   1 |  259.0 |
       Dungeon |    259 |    259 |      0 |      0 |    178 |   1 |  259.0 |
               +--------+--------+--------+--------+--------+-----+--------+

Top non-repeatable levels by time:
     D:1: 259 daAuts
